IL
ROCHESTER RED WINGS @ CHARLOTTE KNIGHTS
08/12/2045
 
TOP OF THE 1ST
Rochester Red Wings batting - Pitching for Charlotte Knights : RHP William Cordero
Pitching: RHP William Cordero
Batting: RHB J.J. Powers 0-0: Swinging Strike
0-1: Ball
1-1: Bunt missed!
1-2: Ball
2-2: Ball
3-2: Foul Ball, location: 2F
3-2: Base on Balls
Batting: RHB Josh Zoglmann 0-0: Foul Ball, location: 2F
0-1: Ball
1-1: Called Strike
1-2: Ball
J.J. Powers steals 2nd base
2-2: Strikes out swinging
Batting: LHB Matt Patnaude 0-0: Ball
1-0: Called Strike
1-1: Ball
2-1: Ball
3-1: DOUBLE (Flyball, 8RXD, EV 88.8 MPH)
J.J. Powers scores
Batting: LHB Armando Rendon 0-0: Ball
1-0: Fly out, F9 (Flyball, 9LM, EV 91.9 MPH)
Runner from 2nd tags up, SAFE at 3rd, no throw by RF
Batting: SHB Aaron Tatar 0-0: Ball
1-0: Swinging Strike
1-1: Foul Ball, location: 2F
1-2: Fly out, F6 (Popup, 6M, EV 76.9 MPH)
Top of the 1st over - 1 run, 1 hit, 0 errors, 1 left on base; Rochester 1 - Charlotte 0
BOTTOM OF THE 1ST
Charlotte Knights batting - Pitching for Rochester Red Wings : RHP Fernando Macias
Pitching: RHP Fernando Macias
Batting: RHB Steve Martin 0-0: Ball
1-0: Ball
2-0: DOUBLE (Line Drive, 89D, EV 112.5 MPH)
Batting: RHB Brad Boals 0-0: Called Strike
0-1: Ball
1-1: Ground out U3 (Groundball, 13, EV 80.6 MPH)
Steve Martin to third
Batting: LHB Hirakito Herring 0-0: Ball
1-0: Fly out, F8 (Flyball, 8LS, EV 91.9 MPH)
Batting: LHB Angel Tellez 0-0: Foul Ball, location: 2F
0-1: Fly out, F8 (Flyball, 8RXD, EV 105.0 MPH)
Bottom of the 1st over - 0 runs, 1 hit, 0 errors, 1 left on base; Rochester 1 - Charlotte 0
TOP OF THE 2ND
Rochester Red Wings batting - Pitching for Charlotte Knights : RHP William Cordero
Batting: RHB Joe Zimmerman 0-0: Foul Ball, location: 2F
0-1: Called Strike
0-2: Fly out, F7 (Flyball, 7, EV 87.5 MPH)
Batting: RHB Cesar Yega 0-0: Ball
1-0: Ball
2-0: Fly out, F6 (Line Drive, 6, EV 68.1 MPH)
Batting: SHB Kamiel Akkerman 0-0: Called Strike
0-1: Ball
1-1: Swinging Strike
1-2: Ball
2-2: Ball
3-2: Foul Ball, location: 2F
3-2: Base on Balls
Batting: RHB Alvin Wiederhold 0-0: Ball
1-0: Ball
2-0: Foul Ball, location: 2F
2-1: Ball
3-1: Ground out U3 (Groundball, 3S, EV 82.5 MPH)
Top of the 2nd over - 0 runs, 0 hits, 0 errors, 1 left on base; Rochester 1 - Charlotte 0
BOTTOM OF THE 2ND
Charlotte Knights batting - Pitching for Rochester Red Wings : RHP Fernando Macias
Batting: LHB Ryan Karg 0-0: Swinging Strike
0-1: Ball
1-1: Fly out, F9 (Flyball, 89M, EV 94.4 MPH)
Batting: RHB Micah Brown 0-0: Foul Ball, location: 2F
0-1: Ball
1-1: Ball
2-1: Ball
3-1: Base on Balls
Batting: LHB James Betron 0-0: Ball
1-0: Ball
2-0: Called Strike
2-1: Ball
3-1: SINGLE (Line Drive, 8RS, EV 105.0 MPH)
Micah Brown to second
Batting: RHB Herb Craig 0-0: Ball
1-0: Ball
2-0: Fielders Choice at 2nd, 6-4 (Groundball, 6, EV 97.5 MPH)
Micah Brown to third
Batting: LHB Kevin Rolison 0-0: Ball
1-0: Called Strike
1-1: Ball
2-1: Foul Ball, location: 2F
2-2: Ball
3-2: Foul Ball, location: 2F
3-2: Base on Balls
Herb Craig to second
Pitching: RHP Mike Ferry
Batting: RHB Steve Martin 0-0: Fly out, F4 (Line Drive, 4, EV 63.1 MPH)
Bottom of the 2nd over - 0 runs, 1 hit, 0 errors, 3 left on base; Rochester 1 - Charlotte 0
TOP OF THE 3RD
Rochester Red Wings batting - Pitching for Charlotte Knights : RHP William Cordero
Batting: RHB J.J. Powers 0-0: Called Strike
0-1: Foul Ball, location: 2F
0-2: Ball
1-2: Foul Ball, location: 2F
1-2: Ball
2-2: Ball
3-2: SINGLE (Line Drive, 8LS, EV 100.6 MPH)
Batting: RHB Josh Zoglmann 0-0: Ball
1-0: Ball
2-0: Ball
3-0: Called Strike
3-1: Foul Ball, location: 2F
3-2: Foul Ball, location: 2F
3-2: Ground out 4-3 (Groundball, 4, EV 103.8 MPH)
J.J. Powers to second
Batting: LHB Matt Patnaude 0-0: Ball
1-0: Called Strike
J.J. Powers steals 3rd base (no throw)
1-1: SINGLE (Line Drive, 9S, EV 101.2 MPH)
J.J. Powers scores
Batting: LHB Armando Rendon 0-0: Ball
1-0: Called Strike
1-1: Ball
2-1: SINGLE (Line Drive, 4D, EV 93.8 MPH)
Matt Patnaude to second
Batting: SHB Aaron Tatar 0-0: Ball
1-0: Ball
2-0: Ball
3-0: Base on Balls
Matt Patnaude to third
Armando Rendon to second
Batting: RHB Joe Zimmerman 0-0: Called Strike
0-1: Foul Ball, location: 2F
0-2: Ball
1-2: Ball
2-2: Ball
3-2: Base on Balls
Matt Patnaude scores
Armando Rendon to third
Aaron Tatar to second
Batting: RHB Cesar Yega 0-0: Ball
1-0: Ball
2-0: Called Strike
2-1: Ball
3-1: SINGLE (Groundball, 6S, EV 96.2 MPH)
Armando Rendon scores
Aaron Tatar to third
Joe Zimmerman to second
Runner from 3rd tries for Home, SAFE, throw by CF to home
Pitching: RHP Dave Espinoza
Batting: SHB Kamiel Akkerman 0-0: Ball
1-0: Called Strike
1-1: Foul Ball, location: 2F
1-2: Ball
2-2: Strikes out swinging
Batting: RHB Alvin Wiederhold 0-0: Ball
1-0: Foul Ball, location: 2F
1-1: Fly out, F7 (Flyball, 7LD, EV 95.0 MPH)
Top of the 3rd over - 4 runs, 4 hits, 0 errors, 2 left on base; Rochester 5 - Charlotte 0
BOTTOM OF THE 3RD
Charlotte Knights batting - Pitching for Rochester Red Wings : RHP Mike Ferry
Batting: RHB Brad Boals 0-0: Ball
1-0: Ground out 4-3 (Groundball, 4M, EV 99.4 MPH)
Batting: LHB Hirakito Herring 0-0: Ball
1-0: Foul Ball, location: 2F
1-1: Ball
2-1: Ball
3-1: Ground out 1-3 (Groundball, 15S, EV 62.5 MPH)
Batting: LHB Angel Tellez 0-0: Ball
1-0: SINGLE (Groundball, 4MD, EV 104.4 MPH)
Batting: LHB Ryan Karg 0-0: Hit by Pitch
Angel Tellez to second
Batting: RHB Micah Brown 0-0: Ball
1-0: Called Strike
1-1: DOUBLE (Groundball, 5L, EV 101.2 MPH)
Angel Tellez scores
Ryan Karg to third
Batting: LHB James Betron 0-0: DOUBLE (Groundball, 3L, EV 96.9 MPH)
Ryan Karg scores
Micah Brown scores
Batting: RHB Herb Craig 0-0: Ball
1-0: Ball
2-0: 2-RUN HOME RUN (Flyball, 78XD, EV 98.1 MPH), Distance : 390 ft
Pitching: LHP Angel Vidaurri
Batting: LHB Kevin Rolison 0-0: Called Strike
0-1: Ball
1-1: Foul Ball, location: 2F
1-2: Foul Ball, location: 2F
1-2: Ground out 5-3 (Groundball, 5, EV 88.1 MPH)
Bottom of the 3rd over - 5 runs, 4 hits, 0 errors, 0 left on base; Rochester 5 - Charlotte 5
TOP OF THE 4TH
Rochester Red Wings batting - Pitching for Charlotte Knights : RHP Dave Espinoza
Batting: RHB J.J. Powers 0-0: Ball
1-0: Ball
2-0: Ball
3-0: Ground out 4-3 (Groundball, 4, EV 90.0 MPH)
Batting: RHB Josh Zoglmann 0-0: Ball
1-0: Swinging Strike
1-1: Foul Ball, location: 2F
1-2: Foul Ball, location: 2F
1-2: Strikes out swinging
Batting: LHB Matt Patnaude 0-0: Ball
1-0: Called Strike
1-1: Ground out 6-3 (Groundball, 6M, EV 85.6 MPH)
Top of the 4th over - 0 runs, 0 hits, 0 errors, 0 left on base; Rochester 5 - Charlotte 5
BOTTOM OF THE 4TH
Charlotte Knights batting - Pitching for Rochester Red Wings : LHP Angel Vidaurri
Batting: RHB Steve Martin 0-0: Ball
1-0: SINGLE (Groundball, 6MD, EV 95.0 MPH)
Batting: RHB Brad Boals 0-0: Ball
1-0: 2-RUN HOME RUN (Flyball, 7D, EV 92.5 MPH), Distance : 370 ft
Batting: LHB Hirakito Herring 0-0: Ball
1-0: Called Strike
1-1: Fly out, F7 (Line Drive, 7S, EV 106.9 MPH)
Batting: LHB Angel Tellez 0-0: Ball
1-0: Called Strike
1-1: SOLO HOME RUN (Flyball, 89XD, EV 105.6 MPH), Distance : 448 ft
Batting: LHB Ryan Karg 0-0: Ball
1-0: Called Strike
1-1: Ball
2-1: Ball
3-1: Called Strike
3-2: Foul Ball, location: 2F
3-2: Base on Balls
Pitching: LHP Inkei Wakamatsu
Batting: RHB Micah Brown 0-0: Ball
1-0: Swinging Strike
1-1: Called Strike
1-2: Ball
2-2: Ball
3-2: Strikes out swinging
Batting: LHB James Betron 0-0: Called Strike
0-1: Foul Ball, location: 2F
0-2: Foul Ball, location: 2F
0-2: Ball
1-2: Ball
2-2: Ball
3-2: Strikes out swinging
Bottom of the 4th over - 3 runs, 3 hits, 0 errors, 1 left on base; Rochester 5 - Charlotte 8
TOP OF THE 5TH
Rochester Red Wings batting - Pitching for Charlotte Knights : RHP Dave Espinoza
Batting: LHB Armando Rendon 0-0: Ground out 4-3 (Groundball, 4, EV 90.0 MPH)
Batting: SHB Aaron Tatar 0-0: Called Strike
0-1: Foul Ball, location: 2F
0-2: Foul Ball, location: 2F
0-2: Ground out U3 (Groundball, 34, EV 86.2 MPH)
Batting: RHB Joe Zimmerman 0-0: Ball
1-0: Ground out 6-3 (Groundball, 6, EV 86.9 MPH)
Top of the 5th over - 0 runs, 0 hits, 0 errors, 0 left on base; Rochester 5 - Charlotte 8
BOTTOM OF THE 5TH
Charlotte Knights batting - Pitching for Rochester Red Wings : LHP Inkei Wakamatsu
Batting: RHB Herb Craig 0-0: Called Strike
0-1: Foul Ball, location: 2F
0-2: DOUBLE (Flyball, 89XD, EV 110.6 MPH)
Batting: LHB Kevin Rolison 0-0: Foul Ball, location: 2F
0-1: SINGLE (Line Drive, 4D, EV 100.6 MPH)
Herb Craig to third
Pitching: RHP Antonio Alcaraz
Batting: RHB Steve Martin 0-0: Foul Ball, location: 2F
0-1: Ball
1-1: Ball
2-1: Ball
3-1: Base on Balls
Kevin Rolison to second
Batting: RHB Brad Boals 0-0: SINGLE (Line Drive, 78M, EV 111.2 MPH)
Herb Craig scores
Kevin Rolison to third
Steve Martin to second
Batting: LHB Hirakito Herring 0-0: GRAND SLAM HOME RUN (Flyball, 9D, EV 96.2 MPH), Distance : 366 ft
Batting: LHB Angel Tellez 0-0: Ball
1-0: Ball
2-0: DOUBLE (Flyball, 8RXD, EV 100.6 MPH)
Batting: LHB Ryan Karg 0-0: Ball
1-0: Ball
2-0: DOUBLE (Line Drive, 89D, EV 100.0 MPH)
Angel Tellez scores
Pitching: LHP Pete Zamarron
Batting: RHB Micah Brown 0-0: Foul Ball, location: 2F
0-1: Ball
1-1: Called Strike
1-2: Ball
2-2: Strikes out looking
Batting: LHB James Betron 0-0: Ball
1-0: Ground out 6-3 (Groundball, 6M, EV 82.5 MPH)
Ryan Karg to third
Batting: RHB Herb Craig 0-0: Ball
1-0: Swinging Strike
1-1: Called Strike
1-2: SINGLE (Groundball, 6MS, EV 67.5 MPH) (infield hit)
Ryan Karg scores
Batting: LHB Kevin Rolison 0-0: Ball
1-0: Ball
2-0: Ball
3-0: Base on Balls
Herb Craig to second
Batting: RHB Steve Martin 0-0: Ball
1-0: Ball
2-0: Ball
3-0: Base on Balls
Herb Craig to third
Kevin Rolison to second
Pitching: RHP Isidro Aguirre
Batting: RHB Brad Boals 0-0: Swinging Strike
0-1: Ball
1-1: Called Strike
1-2: Strikes out looking
Bottom of the 5th over - 7 runs, 7 hits, 0 errors, 3 left on base; Rochester 5 - Charlotte 15
TOP OF THE 6TH
Rochester Red Wings batting - Pitching for Charlotte Knights : RHP Dave Espinoza
Batting: RHB Cesar Yega 0-0: Ball
1-0: Ball
2-0: Fly out, F8 (Flyball, 8RS, EV 91.9 MPH)
Batting: SHB Kamiel Akkerman 0-0: Ball
1-0: Ball
2-0: Called Strike
2-1: Ball
3-1: Base on Balls
Batting: RHB Alvin Wiederhold 0-0: Foul Ball, location: 2F
0-1: Foul Ball, location: 2F
0-2: Ball
1-2: Ball
2-2: Foul Ball, location: 2F
2-2: Foul Ball, location: 2F
2-2: Grounds into double play, 6-4-3 (Groundball, 6S, EV 84.4 MPH)
Top of the 6th over - 0 runs, 0 hits, 0 errors, 0 left on base; Rochester 5 - Charlotte 15
BOTTOM OF THE 6TH
Charlotte Knights batting - Pitching for Rochester Red Wings : RHP Isidro Aguirre
Batting: LHB Hirakito Herring 0-0: Ball
1-0: Ball
2-0: Called Strike
2-1: Foul Ball, location: 2F
2-2: Ball
3-2: Foul Ball, location: 2F
3-2: Foul Ball, location: 2F
3-2: Foul Ball, location: 2F
3-2: Fly out, F8 (Line Drive, 8LD, EV 92.5 MPH)
Batting: LHB Angel Tellez 0-0: Ball
1-0: Ball
2-0: Ball
3-0: Base on Balls
Batting: LHB Ryan Karg 0-0: SINGLE (Groundball, 6S, EV 68.8 MPH) (infield hit)
Angel Tellez to second
Pitching: RHP Matt Gray
Batting: RHB Micah Brown 0-0: Ball
1-0: Ball
2-0: Called Strike
2-1: Foul Ball, location: 2F
2-2: Strikes out swinging
Batting: LHB James Betron 0-0: Ball
1-0: Called Strike
1-1: Foul Ball, location: 2F
1-2: Ground out 4-3 (Groundball, 4, EV 90.0 MPH)
Bottom of the 6th over - 0 runs, 1 hit, 0 errors, 2 left on base; Rochester 5 - Charlotte 15
TOP OF THE 7TH
Rochester Red Wings batting - Pitching for Charlotte Knights : RHP Dave Espinoza
Batting: RHB J.J. Powers 0-0: Foul Ball, location: 2F
0-1: DOUBLE (Flyball, 78D, EV 86.9 MPH)
Batting: RHB Josh Zoglmann 0-0: Ball
1-0: Ball
2-0: Ball
Wild Pitch!
J.J. Powers to third
3-0: Called Strike
3-1: Swinging Strike
3-2: Strikes out swinging
Pitching: LHP Victor Colon
Pinch Hitting: RHB Gustavo Mendiola 0-0: Foul Ball, location: 2F
0-1: Ground out 6-3 (Groundball, 6, EV 87.5 MPH)
J.J. Powers scores
Batting: LHB Armando Rendon 0-0: Called Strike
0-1: Called Strike
0-2: Ball
1-2: Ball
2-2: Ball
3-2: Strikes out swinging
Top of the 7th over - 1 run, 1 hit, 0 errors, 0 left on base; Rochester 6 - Charlotte 15
BOTTOM OF THE 7TH
Charlotte Knights batting - Pitching for Rochester Red Wings : RHP Matt Gray
Now in LF: Gustavo Mendiola
Now in CF: Joe Zimmerman
Batting: RHB Herb Craig 0-0: Ball
1-0: Ground out 5-3 (Groundball, 56, EV 85.6 MPH)
Pitching: RHP Rich Nunez
Batting: LHB Kevin Rolison 0-0: Ground out 5-3 (Groundball, 56S, EV 83.8 MPH)
Batting: RHB Steve Martin 0-0: Called Strike
0-1: Ball
1-1: Ball
2-1: Swinging Strike
2-2: Ball
3-2: TRIPLE (Flyball, 89XD, EV 113.8 MPH)
Batting: RHB Brad Boals 0-0: Ball
1-0: Ball
2-0: Ball
3-0: Called Strike
3-1: Foul Ball, location: 2F
3-2: Foul Ball, location: 2F
3-2: Foul Ball, location: 2F
3-2: 2-RUN HOME RUN (Flyball, 78XD, EV 100.0 MPH), Distance : 400 ft
Batting: LHB Hirakito Herring 0-0: SOLO HOME RUN (Flyball, 9D, EV 93.1 MPH), Distance : 369 ft
Batting: LHB Angel Tellez 0-0: Called Strike
0-1: Swinging Strike
0-2: Ball
1-2: Ball
2-2: Foul Ball, location: 2F
2-2: Ball
3-2: Base on Balls
Pitching: LHP Shu-yen Guo
Batting: LHB Ryan Karg 0-0: 2-RUN HOME RUN (Flyball, 9LD, EV 91.2 MPH), Distance : 339 ft
Batting: RHB Micah Brown 0-0: Ball
1-0: Ball
2-0: Called Strike
2-1: Ground out 4-3 (Groundball, 4, EV 84.4 MPH)
Bottom of the 7th over - 5 runs, 4 hits, 0 errors, 0 left on base; Rochester 6 - Charlotte 20
TOP OF THE 8TH
Rochester Red Wings batting - Pitching for Charlotte Knights : LHP Victor Colon
Batting: SHB Aaron Tatar 0-0: Fly out, F7 (Line Drive, 7, EV 101.9 MPH)
Batting: RHB Joe Zimmerman 0-0: Ball
1-0: Swinging Strike
1-1: Ball
2-1: Called Strike
2-2: Ball
3-2: Fly out, F8 (Flyball, 8RM, EV 78.8 MPH)
Batting: RHB Cesar Yega 0-0: Ball
1-0: DOUBLE (Groundball, 5L, EV 101.9 MPH)
Batting: SHB Kamiel Akkerman 0-0: Called Strike
0-1: Fly out, F9 (Flyball, 9, EV 86.9 MPH)
Top of the 8th over - 0 runs, 1 hit, 0 errors, 1 left on base; Rochester 6 - Charlotte 20
BOTTOM OF THE 8TH
Charlotte Knights batting - Pitching for Rochester Red Wings : LHP Shu-yen Guo
Batting: LHB James Betron 0-0: SINGLE (Groundball, 6MD, EV 96.2 MPH)
Batting: RHB Herb Craig 0-0: Called Strike
0-1: SINGLE (Groundball, 34D, EV 101.9 MPH)
James Betron to second
Batting: LHB Kevin Rolison 0-0: Called Strike
0-1: Ball
1-1: Ball
2-1: Foul Ball, location: 2F
2-2: Ball
3-2: Base on Balls
James Betron to third
Herb Craig to second
Batting: RHB Steve Martin 0-0: Swinging Strike
0-1: Ball
Wild Pitch!
James Betron scores
Herb Craig to third
Kevin Rolison to second
1-1: Ground out 6-3 (Groundball, 6, EV 90.6 MPH)
Herb Craig scores
Batting: RHB Brad Boals 0-0: Ground out 6-3 (Groundball, 6, EV 83.8 MPH)
Batting: LHB Hirakito Herring 0-0: Swinging Strike
0-1: Called Strike
0-2: Ball
1-2: Foul Ball, location: 2F
1-2: Ball
2-2: Foul Ball, location: 2F
2-2: Ball
3-2: Foul Ball, location: 2F
3-2: Base on Balls
Batting: LHB Angel Tellez 0-0: Called Strike
0-1: Foul Ball, location: 2F
0-2: Foul Ball, location: 2F
0-2: Fly out, F7 (Line Drive, 7, EV 93.1 MPH)
Bottom of the 8th over - 2 runs, 2 hits, 0 errors, 2 left on base; Rochester 6 - Charlotte 22
TOP OF THE 9TH
Rochester Red Wings batting - Pitching for Charlotte Knights : LHP Victor Colon
Batting: RHB Alvin Wiederhold 0-0: Ball
1-0: Ball
2-0: Ball
3-0: Base on Balls
Batting: RHB J.J. Powers 0-0: Called Strike
0-1: Ball
1-1: Foul Ball, location: 2F
1-2: Ball
2-2: Foul Ball, location: 2F
2-2: Ball
3-2: DOUBLE (Groundball, 5L, EV 101.9 MPH)
Alvin Wiederhold to third
Batting: RHB Josh Zoglmann 0-0: Fly out, F6 (Line Drive, 6, EV 66.2 MPH)
Batting: RHB Gustavo Mendiola 0-0: Ground out 5-3 (Groundball, 5, EV 84.4 MPH)
Batting: LHB Armando Rendon 0-0: Ball
1-0: Called Strike
1-1: Called Strike
1-2: SINGLE (Flyball, 5D, EV 99.4 MPH)
Alvin Wiederhold scores
J.J. Powers to third
Batting: SHB Aaron Tatar 0-0: Swinging Strike
0-1: Ball
1-1: Ball
2-1: Ball
3-1: Base on Balls
Armando Rendon to second
Batting: RHB Joe Zimmerman 0-0: Called Strike
0-1: Ball
1-1: Ball
2-1: Fly out, F7 (Flyball, 78S, EV 86.9 MPH)
Top of the 9th over - 1 run, 2 hits, 0 errors, 3 left on base; Rochester 7 - Charlotte 22
Wednesday, June 22nd , 2022 - OOTP Baseball 23.4 Build 64